 Dungeon Crawl Stone Soup version 0.20-a0-251-g16a58bf (webtiles) character file.

56 Glaeka the Gusty (level 3, -2/16 HPs)
             Began as a Vine Stalker Air Elementalist on Nov 30, 2016.
             Killed from afar by an orc wizard (11 damage)
             ... with a magic dart
             ... on level 3 of the Dungeon.
             The game lasted 00:12:42 (1402 turns).

Glaeka the Gusty (Vine Stalker Air Elementalist)    Turns: 1402, Time: 00:12:43

Health: -2/16      AC: 10    Str: 10    XL:     3   Next: 97%
Magic:  0/7        EV: 12    Int: 16    God:
Gold:   79         SH:  0    Dex: 14    Spells: 2/7 levels left

rFire  . . .     SeeInvis .     a - +2 short sword (protect)
rCold  . . .     Gourm    .     i - +0 robe
rNeg   . . .     Faith    .     (no shield)
rPois  .         Spirit   +     (no helmet)
rElec  .         Reflect  .     (no cloak)
rCorr  .         Harm     .     (no gloves)
MR     .....                    w - +0 pair of boots
Stlth  ++........               (no amulet)
                                (no ring)
                                (no ring)

@: protection aura, repel missiles
A: fangs 2, magic shield, antimagic bite, no device heal 3, rot immunity
a: no special abilities


You were on level 3 of the Dungeon.
You were not hungry.

You visited 1 branch of the dungeon, and saw 3 of its levels.

You collected 79 gold pieces.

Inventory:

Hand Weapons
 a - a +2 short sword of protection (weapon)
 u - a +0 dagger
 y - a +0 flail
Missiles
 f - 7 needles of sleeping
 v - 16 poisoned needles
Armour
 i - a +0 robe (worn)
 w - a +0 pair of boots (worn)
Jewellery
 t - an uncursed ring of flight
 x - an uncursed amulet of the gourmand {unknown}
Scrolls
 d - 2 scrolls of identify
 l - 2 scrolls of remove curse {unknown}
 m - a scroll of fog {unknown}
 o - 2 scrolls of recharging {unknown}
 r - a scroll of amnesia {unknown}
 s - a scroll of magic mapping {unknown}
Potions
 e - a potion of haste {unknown}
 g - 2 potions of flight {unknown}
 h - a potion of agility {unknown}
 k - a potion of curing {unknown}
 n - a potion of ambrosia {unknown}
 p - a potion of lignification {unknown}
Books
 b - a book of Air

   Spells                             Type                      Level
   a - Shock                          Conjuration/Air              1
   b - Swiftness                      Charms/Air                   2
   c - Repel Missiles                 Charms/Air                   2
   d - Static Discharge               Conjuration/Air              3
   e - Lightning Bolt                 Conjuration/Air              5
Comestibles
 c - 3 bread rations
 j - a meat ration
 q - a beef jerky


   Skills:
 + Level 0.3 Short Blades
 - Level 1.5 Dodging
 - Level 2.4 Stealth
 + Level 2.5 Spellcasting
 + Level 1.3 Conjurations
 * Level 4.3 Air Magic


You had 2 spell levels left.
You knew the following spells:

 Your Spells              Type           Power        Failure   Level  Hunger
a - Shock                 Conj/Air       ##..         10%         1    #......
b - Swiftness             Chrm/Air       #.......     14%         2    ##.....
c - Repel Missiles        Chrm/Air       #.....       14%         2    ##.....


Dungeon Overview and Level Annotations

Branches:
Dungeon (3/15)

Altars:


Innate Abilities, Weirdness & Mutations

You have extremely sharp teeth.
When hurt, damage is shared between your health and your magic reserves.
Your bite disrupts and absorbs the magic of your enemies.
Potions and wands cannot restore your health.
You are immune to rotting.


Message History

The orc wizard casts a spell at you. The magic dart hits you!
The orc wizard hits you with a dagger.
Casting: Shock
Confirm with . or Enter, or press ? or * to list all spells.
Aiming: Shock
Press: ? - help, Shift-Dir - straight line The zap hits the orc wizard.
The orc wizard is heavily wounded.
The zap hits the orc wizard.
The orc wizard appears unharmed.
The orc wizard is heavily wounded.
The orc wizard barely misses you.
You hit the orc wizard.
Your weapon exudes an aura of protection.
The orc wizard is severely wounded.
The orc wizard gestures at you while chanting.
You resist with some effort.
The orc wizard points at you and mumbles some strange words.
The magic dart hits you!
Ouch! That really hurt!
You die...

############
#.....ยง..(.#
#..........#
#..........#####
#............o.#
#.....[....###@##
######.##### #..##
########..#
##..###
..........##
##...############
.........o.# ##
###...........##
...........##..##
###########...
######...#......##
#..[....
###...##.....
#.#####.
###........
..######


You could see an orc wizard.

Vanquished Creatures
  2 adders (D:2)
  A worm (D:2)
  A leopard gecko (D:3)
  3 orcs (D:3)
  A ball python (D:2)
  6 goblins
  4 hobgoblins
  2 kobolds
  A quokka (D:3)
  6 bats
  A frilled lizard (D:3)
  3 rats
31 creatures vanquished.

Notes
Turn   | Place    | Note
-------+----------+-------------------------------------------
     0 | D:1      | Glaeka the Vine Stalker Air Elementalist began the quest for the Orb.
     0 | D:1      | Reached XP level 1. HP: 9/9 MP: 4/4
   321 | D:1      | Reached XP level 2. HP: 13/13 MP: 4/6
   434 | D:1      | Learned a level 2 spell: Swiftness
   437 | D:1      | Learned a level 2 spell: Repel Missiles
   786 | D:2      | Reached skill level 4 in Air Magic
   786 | D:2      | Reached XP level 3. HP: 16/16 MP: 4/7
  1402 | D:3      | Killed from afar by an orc wizard

Vault maps used:
D:1:      sevenhm_arrival_forest_fort_small_4, minivault_23
D:2:      first_bread, serial_glass, glass_columns_b, glass_columns_c,
          glass_columns_a, feat_on_display, due_unseen_surprise,
          item_on_display_a, feat_on_display
D:3:      lemuel_round_altar

Skill      XL: |  1  2 |
---------------+-------+-----
Air Magic      | 4 |  4.3
Short Blades   | |  0.3
Dodging        | |  1.5
Stealth        | |  2.4
Spellcasting   | |  2.5
Conjurations   | |  1.3

Action                   || total
-------------------------++-------
Melee: Unarmed           ||     3
       Dagger            ||    11
       Bite              ||     2
       Short sword       ||     8
 Cast: Shock             ||    60
       Repel Missiles    ||     1
       Swiftness         ||     1
  Use: Scroll            ||     1
 Stab: Sleeping          ||     2
  Eat: Beef jerky        ||     1
       Chunk             ||     1
Armor: Robe              ||     1
Dodge: Dodged            ||    11
